 Dungeon Crawl Stone Soup version 0.29-a0-577-gafbf2c5d25 (webtiles) character file.

Game seed: 14109745375894009806

1124 shoop the Martial Artist (level 8, -3/55 (59) HPs)
             Began as a Meteoran Transmuter on June 13, 2022.
             Was an Initiate of Sif Muna.
             Slain by a wight
             ... wielding a +3 trident
              (12 damage)
             ... on level 6 of the Dungeon.
             The game lasted 00:15:59 (1605 turns).

shoop the Martial Artist (Meteoran Transmuter)      Turns: 1605, Time: 00:16:00

HP:   -3/55 (59)    AC:  3    Str: 12    XL:     8   Next: 92%
MP:   11/13         EV: 12    Int: 16    God:    Sif Muna [......]
Gold: 65            SH:  0    Dex: 15    Spells: 3/13 levels left

rFire   . . .      SeeInvis .     - Unarmed
rCold   + . .      Faith    .   (no shield)
rNeg    . . .      Spirit   .   q - +1 robe {rC+}
rPois   .          Reflect  .   (no helmet)
rElec   .          Harm     .   (no cloak)
rCorr   .          Rampage  .   (no gloves)
Will    +....                   (no boots)
Stlth   +.........              (no amulet)
HPRegen 0.18/turn               (no ring)
MPRegen 0.13/turn               (no ring)

@: glowing, drained
A: sense surroundings 1, otherworldly, glowing, explore regen
a: Renounce Religion


You were on level 6 of the Dungeon.
You worshipped Sif Muna.
Sif Muna was noncommittal.
You visited 2 branches of the dungeon, and saw 8 of its levels.

You collected 125 gold pieces.
You spent 60 gold pieces at shops.

Inventory:

Armour
 a - a +0 robe
 h - a +3 ring mail
 q - a +1 robe of cold resistance (worn)
Jewellery
 d - a ring of ice
Scrolls
 c - 2 scrolls of blinking {unknown}
 e - 2 scrolls of poison {unknown}
 g - 3 scrolls of identify
 k - 4 scrolls of teleportation
 m - a scroll of fear {unknown}
 n - a scroll of amnesia
 o - a scroll of immolation {unknown}
Potions
 b - 2 potions of curing {unknown}
 f - a potion of haste {unknown}
 i - 3 potions of brilliance {unknown}
 j - 2 potions of heal wounds
 l - 3 potions of degeneration {unknown}
 p - a potion of flight


   Skills:
 - Level 1.1 Fighting
 - Level 2.4 Dodging
 + Level 9.7 Unarmed Combat
 - Level 3.0 Spellcasting
 - Level 6.0 Transmutations
 - Level 3.0 Ice Magic
 - Level 1.0 Earth Magic
 - Level 2.0 Poison Magic


You had 3 spell levels left.
You knew the following spells:

 Your Spells              Type           Power      Damage    Failure   Level
a - Spider Form           Tmut/Pois      15%        N/A       11%         3
b - Beastly Appendage     Tmut           42%        N/A       1%          1
c - Ice Form              Ice/Tmut       16%        N/A       28%         4
p - Passwall              Tmut/Erth      10%        N/A       7%          2

Your spell library contained the following spells:

 Spells                   Type           Power      Damage    Failure   Level
 Wereblood                Tmut           21%        N/A       2%          2
 Sandblast                Erth           10%        2d5       12%         1
 Magic Dart               Conj           8%         1d3       19%         1
 Call Imp                 Summ           2%         N/A       28%         2
 Mephitic Cloud           Conj/Pois/Air  4%         N/A       41%         3
 Stone Arrow              Conj/Erth      8%         3d7       41%         3


Dungeon Overview and Level Annotations

Branches:
Dungeon (7/15)             Temple (1/1) D:5

Altars:
Cheibriados
Dithmenos
Elyvilon
Hepliaklqana
Okawaru
Ru
Sif Muna
Trog
Vehumet
Wu Jian
Xom
Yredelemnul
Zin

Shops:
D:2 *   D:7 !


Innate Abilities, Weirdness & Mutations

You passively map a small area around you.
You are easily found by Zot.
You glow in the dark.
You regain HP and MP as you explore.


Message History

You now have 65 gold pieces (gained 4).
Found an inky potion.
l - 3 inky potions (gained 1)
As you read the scroll labelled ZYSTRO YMIKK, it crumbles to dust.
You feel strangely unstable.
It was a scroll of teleportation.
As you read the scroll labelled MUSTRE NITISH, it crumbles to dust.
It is a scroll of identify.
p - a potion of flight
As you read the scroll of identify, it crumbles to dust.
n - a scroll of amnesia Your surroundings suddenly seem different.
You enter a teleport trap!
The teleport trap disappears.
Your surroundings suddenly seem different.
The orc warrior shouts!
The orc wizard shouts! x2; The orc shouts!
The wight hits you from afar with a +5 halberd.
You feel drained. The wight hits you but does no damage.
The iguana hisses angrily.
The wight hits you with a +0 spear! The orc attacks as you move away!
The orc completely misses you.
The wight hits you from afar with a +0 spear.
You feel drained. The iguana barely misses you.
The orc attacks as you move away! The orc hits you with a +0 falchion.
The iguana attacks as you move away! The iguana barely misses you.
There is an escape hatch in the floor here.
Casting: Spider Form (dangerous; 11% risk of failure)
Confirm with . or Enter, or press ? or * to list all spells.
Aiming: Passwall (safe; 7% risk of failure)
Press: ? - help, Dir - move target A rock wall.
The wight hits you from afar with a +3 trident!
The orc misses you. The iguana bites you!
* * * LOW HITPOINT WARNING * * *
The wight hits you from afar with a +0 spear.
* * * LOW HITPOINT WARNING * * *
You feel drained.
* * * LOW HITPOINT WARNING * * *
You begin to meditate on the wall.
You continue meditating on the rock.
The wight hits you from afar with a +3 trident!
You die...

#................# ..
#.......>........###
,.. #.......o..........
##.....##......# ,
#....)....o...#
#.....ooz.#####
#.....z.z.#####......,.
#.....o...#.......#.##.
#.....@l..........#.#..
*
###.####...............
* ,... ................
, .... #####........#..
.... ,.......W.....
o.., ** * * ##.#>..# ,
, * #.....# * ###...# *
#...#


You could see an orc warrior, an iguana, 3 wights, 2 orc wizards and an orc.

Vanquished Creatures
  2 water moccasins (D:7)
  2 sky beasts
  A black bear (D:7)
  Blork the orc (D:6)
  A bullfrog (D:5)
  3 wights (D:6)
  2 jellies
  2 gnoll shamans
  A hound (D:5)
  12 gnolls
  An adder (D:4)
  4 white imps
  7 orcs
  2 bats
  5 endoplasms
  A goblin (D:3)
  3 hobgoblins
  5 kobolds
  2 quokkas (D:2)
  2 ball pythons
  2 rats
61 creatures vanquished.

Vanquished Creatures (others)
  An angel (D:7)
1 creature vanquished.

Grand Total: 62 creatures vanquished

Notes
Turn   | Place    | Note
-------+----------+-------------------------------------------
     0 | D:1      | shoop the Meteoran Transmuter began the quest for the Orb.
     0 | D:1      | Reached XP level 1. HP: 16/16 MP: 5/5
    75 | D:2      | Reached skill level 4 in Unarmed Combat
    81 | D:2      | Reached XP level 2. HP: 22/23 MP: 6/6
    89 | D:2      | Found Posiack's Assorted Antiques.
   128 | D:2      | Reached XP level 3. HP: 12/28 MP: 6/8
   132 | D:2      | Learned a level 3 spell: Spider Form
   153 | D:1      | Reached skill level 5 in Unarmed Combat
   199 | D:2      | Reached skill level 1 in Poison Magic
   199 | D:2      | Reached XP level 4. HP: 17/35 MP: 6/9
   241 | D:2      | Learned a level 2 spell: Passwall
   421 | D:4      | Found a bloodstained altar of Trog.
   501 | D:4      | Reached skill level 1 in Earth Magic
   501 | D:4      | Reached XP level 5. HP: 31/40 MP: 3/10
   526 | D:5      | Entered Level 5 of the Dungeon
   600 | D:5      | Found a basalt altar of Yredelemnul.
   634 | D:6      | Noticed a sky beast
   646 | D:6      | Killed a sky beast
   647 | D:6      | Reached skill level 6 in Unarmed Combat
   647 | D:6      | Reached XP level 6. HP: 12/47 MP: 8/11
   665 | D:7      | Found a hazy altar of Hepliaklqana.
   695 | D:7      | Found a shimmering altar of Xom.
   697 | D:7      | Noticed an angel
   698 | D:7      | Noticed a water moccasin
   711 | D:7      | Killed a water moccasin
   712 | D:7      | Reached skill level 7 in Unarmed Combat
   712 | D:7      | Reached XP level 7. HP: 52/52 MP: 12/12
   831 | D:7      | Found a glowing silver altar of Zin.
   838 | D:7      | Reached skill level 1 in Ice Magic
   879 | D:7      | Killed an angel
   964 | D:7      | Noticed a water moccasin
   970 | D:7      | Killed a water moccasin
   971 | D:7      | Reached XP level 8. HP: 59/59 MP: 9/13
   981 | D:7      | Learned a level 4 spell: Ice Form
   987 | D:7      | Found Beniu's Distillery.
  1013 | D:7      | Bought a potion of heal wounds for 60 gold pieces
  1026 | D:7      | Found an iron altar of Okawaru.
  1044 | D:7      | Reached skill level 8 in Unarmed Combat
  1044 | D:7      | Reached skill level 5 in Transmutations
  1197 | D:6      | Noticed Blork the orc
  1207 | D:6      | Killed Blork the orc
  1266 | D:5      | Reached skill level 9 in Unarmed Combat
  1290 | D:5      | Found a staircase to the Ecumenical Temple.
  1297 | Temple   | Entered the Ecumenical Temple
  1327 | Temple   | Became a worshipper of Sif Muna the Loreminder
  1559 | D:6      | Found a radiant altar of Vehumet.
  1605 | D:6      | Slain by a wight

Illustrated notes

Levels and vault maps discovered:
D:1:      psy_arrival_fountain, layout_basic,
          hellmonk_ecumenical_altar_pennies_from_heaven, chequers_garden,
          st_stairs_12, serial_park_tiny_2, serial_park_tiny_2,
          corexii_hall_statues_t, chequers_serial_rivers_micro_c,
          dreamdust_princess_corridor
D:2:      layout_rooms, serial_shops, nicolae_shop_advertising_works
          [nicolae_subvault_shop_adworks], corner_web_ring
D:3:      layout_loops_ring, minmay_misc_feat_iff, kennysheep_crisscross
D:4:      layout_gridville, mainiacjoe_overflow_surrounded_room,
          nemelex_diamond_rough_becter, minmay_ruined_shrine
D:5:      layout_basic, nicolae_gozag_cash_rules_everything_around_me,
          nicolae_overflow_crystal_walls, minmay_temple_entry_nine_rooms
D:6:      layout_rooms, fiery_altar_vehumet, uniq_blork_the_orc,
          uniq_crazy_yiuf_cottage
D:7:      layout_basic, grunt_temple_overflow_order_and_chaos_1,
          overflow_temple_1_default, mainiacjoe_overflow_catwalk, serial_shops,
          shop_fountains
Temple:   jpeg_temple_alley_garden

Skill      XL: |  1  2  3  4  5  6  7  8 |
---------------+-------------------------+-----
Unarmed Combat | 4 5 6 7 9 |  9.7
Poison Magic   | 1 2 |  2.0
Spellcasting   | 3 |  3.0
Transmutations | 3 4 6 |  6.0
Earth Magic    | 1 |  1.0
Ice Magic      | 2 3 |  3.0
Fighting       | |  1.1
Dodging        | |  2.4

Action                   |  1- 3 |  4- 6 |  7- 9 || total
-------------------------+-------+-------+-------++-------
Melee: Unarmed           |    38 |    61 |    69 ||   168
       Kick              |     4 |     7 |       ||    11
       Headbutt          |     1 |     2 |       ||     3
       Punch             |       |     2 |       ||     2
 Cast: Beastly Appendage |     6 |     4 |       ||    10
       Spider Form       |     2 |     6 |     7 ||    15
       Passwall          |       |       |     4 ||     4
       Ice Form          |       |       |     2 ||     2
  Use: Potion            |       |     1 |       ||     1
       Scroll            |       |       |     3 ||     3
Armor: Robe              |     5 |     2 |     2 ||     9
       Skin              |     1 |     5 |    10 ||    16
Dodge: Dodged            |    22 |    25 |    39 ||    86

Table legend: (Time is in decaauts)
 A = Elapsed time spent in this place.
 B = Non-inter-level travel time spent in this place.
 C = Inter-level travel time spent in this place.
 D = Time resting spent in this place.
 E = Time spent auto-exploring this place.
 F = Levels seen in this place.
 G = Mean time per level.
                   A        B        C        D        E       F      G
               +--------+--------+--------+--------+--------+-----+--------+
         Total |   1586 |   1554 |     32 |      0 |      0 |   8 |  198.2 |
       Dungeon |   1527 |   1495 |     32 |      0 |      0 |   7 |  218.1 |
        Temple |     59 |     59 |      0 |      0 |      0 |   1 |   59.0 |
               +--------+--------+--------+--------+--------+-----+--------+

Top non-repeatable levels by time:
     D:7: 511 daAuts
     D:5: 306 daAuts
     D:6: 188 daAuts
     D:3: 169 daAuts
     D:2: 140 daAuts
     D:4: 106 daAuts
     D:1: 104 daAuts
  Temple: 59 daAuts
